 Dungeon Crawl Stone Soup version 0.22.1-6-g1668fe2c40 (webtiles) character file.

42 Ihlosi the Firebug (level 3, 0/30 HPs)
             Began as a Kobold Fire Elementalist on Jan 21, 2019.
             Succumbed to an adder's poison
             ... on level 2 of the Dungeon.
             The game lasted 00:03:17 (1134 turns).

Ihlosi the Firebug (Kobold Fire Elementalist)       Turns: 1134, Time: 00:03:18

Health: 0/30       AC: 21    Str: 12    XL:     3   Next: 77%
Magic:  1/7        EV:  3    Int: 17    God:
Gold:   60         SH:  0    Dex: 15    Spells: 6/7 levels left

rFire    . . .     SeeInvis .   (weapon restricted)
rCold    . . .     Gourm    .   (shield restricted)
rNeg     + + +     Faith    .   (armour currently unavailable)
rPois    +         Spirit   .   (helmet currently unavailable)
rElec    .         Reflect  .   (cloak currently unavailable)
rCorr    .         Harm     .   (gloves currently unavailable)
MR       .....     Clarity  +   (boots currently unavailable) Stlth ++........NoTele +
                                (no amulet)
HPRegen  0.10/turn              (no ring)
MPRegen  0.10/turn              (no ring)

@: mighty, lethally poisoned (0 -> -10), tree-form, very slightly contaminated
A: small, carnivore, clarity, strong 1
a: no special abilities


You were on level 2 of the Dungeon.
You were completely stuffed.
You were a tree.
You visited 1 branch of the dungeon, and saw 2 of its levels.

You collected 60 gold pieces.

Inventory:

Missiles
 k - 17 arrows
Armour
 a - a +0 robe (melded)
 f - a cursed +0 ring mail
 g - a +0 helmet (melded)
Scrolls
 b - 3 scrolls of identify {unknown}
 d - a scroll of enchant weapon {unknown}
 i - a scroll of teleportation {unknown}
 l - a scroll of blinking {unknown}
Comestibles
 c - 4 rations
 m - a chunk of flesh


   Skills:
 - Level 1.0 Fighting
 - Level 3.0 Dodging
 - Level 3.0 Stealth
 + Level 2.8 Spellcasting
 * Level 1.9 Conjurations
 - Level 3.0 Fire Magic


You had 6 spell levels left.
You knew the following spells:

 Your Spells              Type           Power        Failure   Level  Hunger
a - Flame Tongue          Conj/Fire      ##...        6%          1    #......

Your spell library contained the following spells:

 Spells                   Type           Power        Failure   Level  Hunger
 Throw Flame              Conj/Fire      ##....       10%         2    ##.....
 Conjure Flame            Conj/Fire      ##......     19%         3    ###....
 Inner Flame              Hex/Fire       #.......     28%         3    ###....
 Sticky Flame             Conj/Fire      ##......     54%         4    #####..
 Fireball                 Conj/Fire      ##........   87%         5    ######.


Dungeon Overview and Level Annotations

Branches:
Dungeon (2/15)

Altars:


Innate Abilities, Weirdness & Mutations

You are small and have problems with some larger weapons.
You are carnivorous and can eat meat at any time.
((You have large cloven feet.))
You possess an exceptional clarity of mind.
Your muscles are strong. (Str +2)


Message History

Press: ? - help, Shift-Dir - straight line, f/p - adder
Aim: an adder (almost dead)
The flame tongue misses the adder.
* * * LOW HITPOINT WARNING * * *
You feel sick. The adder bites you but does no damage.
It was a potion of might.
You feel very mighty all of a sudden. The adder bites you.
* * * LOW HITPOINT WARNING * * *
You are more poisoned.
The adder poisons you!
It was a potion of lignification.
You turn into a tree.
Your +0 helmet melds into your body.
Your +0 robe melds into your body.
Your roots penetrate the ground.
* * * LOW HITPOINT WARNING * * *
You feel sick. The adder bites you.
* * * LOW HITPOINT WARNING * * *
It was a potion of mutation.
You feel extremely strange.
Your thoughts seem clearer.
You feel stronger.
Your feet thicken and deform.
You die...

..###############[#######.#
..# #.# #.####### ..#
###########.#######.......#
..#
#.........#.##....#######.#
..#
#.........#.##.##.###.....#
..#
#.........#.##.##.##..#####
..#####............#.##.....#
................#..#.########
###.............♣S.....#
###.............#......#
.......................#
.......................#
..........#####........#
..........# #.(......#
..........# #........#
...........# #........#
.........#.# ###......#


You could see an adder.

Vanquished Creatures
  An ooze (D:1)
  2 dart slugs
  2 giant cockroaches
  6 hobgoblins (D:1)
  3 jackals (D:1)
  5 bats
  6 frilled lizards
  3 goblins
  3 kobolds
  2 rats (D:2)
33 creatures vanquished.

Notes
Turn   | Place    | Note
-------+----------+-------------------------------------------
     0 | D:1      | Ihlosi the Kobold Fire Elementalist began the quest for the
                  | Orb.
     0 | D:1      | Reached XP level 1. HP: 10/10 MP: 3/3
   163 | D:1      | Reached XP level 2. HP: 16/16 MP: 1/5
   492 | D:1      | Reached skill level 1 in Fighting
   492 | D:1      | Reached XP level 3. HP: 20/20 MP: 0/6
   930 | D:2      | Found a faded altar of an unknown god.
  1133 | D:2      | HP: 1/30 [adder (1)]
  1134 | D:2      | Gained mutation: You possess an exceptional clarity of
                  | mind. [potion of mutation]
  1134 | D:2      | Gained mutation: Your muscles are strong. (Str +2) [potion
                  | of mutation]
  1134 | D:2      | Gained mutation: You have large cloven feet. [potion of
                  | mutation]
  1134 | D:2      | Succumbed to an adder's poison

Skill      XL: |  1  2  3 |
---------------+----------+-----
Stealth        | 3 |  3.0
Fighting       | 1 |  1.0
Dodging        | 3 |  3.0
Spellcasting   | |  2.8
Conjurations   | |  1.9
Fire Magic     | |  3.0

Action                   || total
-------------------------++-------
Melee: Unarmed           ||    16
 Cast: Flame Tongue      ||    58
  Use: Potion            ||     3
  Eat: Chunk             ||     9
Armor: Robe              ||    13
Dodge: Dodged            ||    29
